 Dungeon Crawl Stone Soup version 0.17-a0-1132-g5dd4065 (webtiles) character file.

711 Isvaffel the Carver (level 7, -2/41 HPs)
             Began as a Tengu Chaos Knight on May 25, 2015.
             Slain by a gnoll
             ... wielding a +0 halberd
              (14 damage)
             ... on level 5 of the Dungeon.
             The game lasted 00:18:23 (5047 turns).

Isvaffel the Carver (Tengu Chaos Knight)            Turns: 5047, Time: 00:18:23

Health: -2/41      AC:  8    Str: 13      XL:     7   Next: 68%
Magic:  8/8        EV: 13    Int: 13      God:    Xom [...*..]
Gold:   180        SH:  0    Dex: 15 (16) Spells: 0 memorised, 6 levels left

rFire  . . .     SeeInvis .     a - +1 falchion (chaos)
rCold  . . .     Clarity  .     b - +2 leather armour
rNeg   . . .     SustAt   .     (no shield)
rPois  .         Gourm    .     (helmet restricted)
rElec  .         Spirit   .     (no cloak)
rCorr  .         Warding  .     g - +2 pair of gloves
rMut   .         Stasis   .     (boots unavailable)
MR     ++...                    (no amulet)
Stlth  +++.......               o - ring of stealth
                                f - ring of protection from magic

@: about to teleport, very resistant to hostile enchantments, fairly stealthy
A: beak, talons 3, agile 1, breathe flames 1, deterioration 1, magic resistance
1, able to fly 1
a: Fly, Renounce Religion, Breathe Fire


You were on level 5 of the Dungeon.
You worshipped Xom.
You were a favourite toy of Xom.
You were not hungry.

You visited 1 branch of the dungeon, and saw 5 of its levels.

You collected 180 gold pieces.

Inventory:

Hand weapons
 a - a +1 falchion of chaos (weapon)
Armour
 b - a +2 leather armour (worn)
 g - a +2 pair of gloves (worn)
Jewellery
 f - a ring of protection from magic (left hand)
 h - a +3 ring of intelligence
 o - a ring of stealth (right hand)
 p - an uncursed ring of wizardry
Scrolls
 e - 2 scrolls of recharging
 k - a scroll of identify
Potions
 l - 3 potions of cancellation
Books
 j - an Akashic Record {highlevel, unknown}

   This book is beyond your current level of understanding.

   Spells                             Type                      Level
   a - Dispersal                      Translocation                6
   b - Controlled Blink               Translocation                7
   c - Malign Gateway                 Summoning/Translocation      7
   d - Disjunction                    Translocation                8
   e - Singularity                    Translocation                9
Comestibles
 c - a bread ration
 d - 3 beef jerkies
 i - 4 meat rations
 m - 6 chunks of flesh


   Skills:
 - Level 3.0 Fighting
 - Level 8.0 Long Blades
 - Level 3.2 Armour
 - Level 3.1 Dodging
 + Level 3.1 Stealth


You had 6 spell levels left.
You didn't know any spells.

Dungeon Overview and Level Annotations

Branches:
Dungeon (5/15)
 Temple: D:4-7

Altars:
Dithmenos
Fedhas
Gozag
Kikubaaqudgha
Yredelemnul

Shops:
D:4 [

Annotations:
D:4 kinazarov's ghost, average DEWz
D:5 kinazarov's ghost, average DEWz


Innate Abilities, Weirdness & Mutations

You have a beak for a mouth.
You have claws for feet.
You can fly.
You are agile. (Dex +2)
You can breathe flames.
Your body sometimes deteriorates upon taking damage.
You are resistant to hostile enchantments.


Message History

The gnoll hits you.
You hit the gnoll. You burn the gnoll. Your kick misses the gnoll.
You peck the gnoll, but do no damage.
The gnoll is severely wounded.
The gnoll barely misses you. x2
You slash the gnoll! You burn the gnoll.
You kill the gnoll!
The gnoll hits you from afar with a halberd!
You emit a cloud of colourful smoke!
The gnoll misses you. The gnoll hits you with a halberd!
* * * LOW HITPOINT WARNING * * *
Your body deteriorates!
You feel clumsy.
You hit the gnoll but do no damage. The gnoll barely misses you.
The gnoll hits you from afar with a halberd.
* * * LOW HITPOINT WARNING * * *
Read which item? (? for menu, Esc to quit)
As you read the scroll of teleportation, it crumbles to dust.
You feel strangely unstable.
The gnoll hits you from afar with a halberd!
You die...

...#.## #.#
###...####.########
#...............#
#.....##.######.#
##......)# #.#
##.###### ## #.##
#.# ##.#.#.## #.#
####...###.# ##'##
#......@#§##
##...###.###.##§§#
##.....##.# #. ##g#
##.......#.# # #g#
#..........###.. #.#
'.............gW...#
#.......<..###..K#.#
##.......#.# #..##.#
##.....##...... ..#


You could see 2 gnolls.

Vanquished Creatures
  Menkaure (D:5)
  A swamp drake (D:4)
  An ogre (D:4)
  An orc priest (D:3)
  Ijyb (D:3)
  Jessica (D:3)
  An iguana (D:4)
  3 worker ants
  7 adders
  A gnoll (D:5)
  3 worms
  7 giant geckos
  4 orcs
  6 giant cockroaches
  2 gnoll zombies (D:2)
  8 goblins
  12 hobgoblins
  8 jackals
  2 quokkas (D:3)
  7 bats
  4 giant newts
  9 kobolds
  5 rats
95 creatures vanquished.

Vanquished Creatures (collateral kills)
  A scorpion (D:4)
  A worker ant (D:4)
  A giant cockroach (D:4)
3 creatures vanquished.

Vanquished Creatures (others)
  A human (D:4)
  A centaur (D:5)
  A worker ant (D:5)
  An adder (D:5)
  A giant gecko (D:5)
  A hobgoblin (D:5)
  A kobold (D:5)
7 creatures vanquished.

Grand Total: 105 creatures vanquished

Notes
Turn   | Place    | Note
--------------------------------------------------------------
     0 | D:1      | Isvaffel the Tengu Chaos Knight began the quest for the Orb.
     0 | D:1      | Reached XP level 1. HP: 14/14 MP: 2/2
    53 | D:1      | Reached XP level 2. HP: 12/19 MP: 3/3
    80 | D:1      | Reached skill level 4 in Long Blades
   419 | D:1      | Reached skill level 1 in Stealth
   571 | D:1      | Reached XP level 3. HP: 23/23 MP: 4/4
   913 | D:2      | XOM: noise
   918 | D:2      | XOM: confuse monster(s)
  1126 | D:2      | Found a basalt altar of Yredelemnul.
  1186 | D:2      | Found an opulent altar of Gozag.
  1217 | D:2      | Reached XP level 4. HP: 21/28 MP: 5/5
  1593 | D:3      | Noticed Ijyb
  1610 | D:3      | Killed Ijyb
  1696 | D:3      | Found a blossoming altar of Fedhas.
  1697 | D:3      | XOM: chaos upgrade
  1716 | D:3      | XOM: cast spell 'Summon Small Mammal'
  1755 | D:3      | XOM: divination: magic mapping
  1760 | D:3      | Reached skill level 5 in Long Blades
  1760 | D:3      | Gained mutation: You can fly. [Tengu growth]
  1760 | D:3      | Reached XP level 5. HP: 14/32 MP: 6/6
  2115 | D:3      | XOM: colour smoke trail
  2403 | D:3      | Noticed Jessica
  2412 | D:3      | Killed Jessica
  2606 | D:3      | XOM: god gift: notched diamond ring {god gift}
  2669 | D:3      | Reached skill level 6 in Long Blades
  2781 | D:3      | Found a shadowy altar of Dithmenos.
  2857 | D:4      | Noticed kinazarov's ghost (average DEWz)
  2937 | D:4      | XOM: cast spell 'Summon Small Mammal'
  3265 | D:4      | Reached XP level 6. HP: 37/37 MP: 7/7
  3473 | D:4      | XOM: god gift: chain mail {god gift}
  3588 | D:4      | XOM: fog
  3594 | D:4      | Reached XP level 7. HP: 23/41 MP: 8/8
  3640 | D:4      | Reached skill level 7 in Long Blades
  3754 | D:4      | XOM: give mutations
  3754 | D:4      | Gained mutation: You are agile. (Dex +2) [Xom's grace]
  3754 | D:4      | Gained mutation: You are resistant to hostile enchantments. [Xom's grace]
  3782 | D:4      | XOM: give mutations
  3782 | D:4      | Gained mutation: Your body sometimes deteriorates upon taking damage. [Xom's mischief]
  3782 | D:4      | Gained mutation: You can breathe flames. [Xom's mischief]
  3900 | D:4      | XOM: god gift: 32 gold pieces
  4040 | D:5      | Entered Level 5 of the Dungeon
  4040 | D:5      | Noticed Menkaure
  4050 | D:5      | Killed Menkaure
  4555 | D:4      | Found Qucozeer's Armour Boutique.
  4696 | D:4      | XOM: harmless Hex miscast
  4736 | D:4      | Found an ancient bone altar of Kikubaaqudgha.
  4740 | D:4      | XOM: vitrification
  4741 | D:4      | Noticed a human
  4742 | D:4      | Killed a human
  5003 | D:5      | Reached skill level 8 in Long Blades
  5042 | D:5      | XOM: smoke on damage
  5047 | D:5      | Slain by a gnoll

Vault maps used:
D:1:      minmay_arrival_open_corners
D:2:      lemuel_zombie_altar_yredelemnul, first_bread, grunt_gozag_statues
D:3:      minmay_door_path, lemuel_coloured_pillars_altar,
          nicolae_overflow_crystal_walls, serial_glass, glass_columns_a,
          glass_columns_b, minmay_misc_feat_doors, uniq_jessica, uniq_iyjb
D:4:      serial_shops, kennysheep_mini, tgw_kikubaaqudgha
D:5:      led_sif_pool, gammafunk_temple_overflow_elements, xom_confusion_cloud,
          uniq_menkaure, uniq_grinder, uniq_blork_the_orc

Action                   |  1- 3 |  4- 6 |  7- 9 || total
-------------------------+-------+-------+-------++-------
Melee: Falchion          |    89 |   126 |    47 ||   262
  Use: Potion            |     5 |     3 |       ||     8
       Scroll            |     4 |     4 |     4 ||    12
 Stab: Confused          |     2 |       |       ||     2
       Sleeping          |     1 |     6 |     4 ||    11
       Paralysed         |       |     6 |       ||     6
  Eat: Chunk             |     1 |     4 |       ||     5
       Bread ration      |       |     1 |     1 ||     2
